 Dungeon Crawl Stone Soup version 0.19-a0-277-g85cb9a5 (webtiles) character file.

233 epen the Insei (level 5, -13/41 HPs)
             Began as a Vampire Monk on May 26, 2016.
             Mangled by an ogre
             ... wielding a +0 giant spiked club
              (26 damage)
             ... on level 4 of the Dungeon.
             The game lasted 00:04:59 (4193 turns).

epen the Insei (Vampire Monk)                       Turns: 4193, Time: 00:04:59

Health: -13/41     AC:  2    Str: 10    XL:     5   Next: 74%
Magic:  5/5        EV: 15    Int: 13    God:
Gold:   161        SH:  0    Dex: 17    Spells: 0 memorised, 4 levels left

rFire  . . .     SeeInvis +       - Unarmed
rCold  + + .     Gourm    .     a - +0 robe
rNeg   + + +     Faith    .     (no shield)
rPois  +         Spirit   .     (no helmet)
rElec  .         Dismiss  .     (no cloak)
rCorr  .         Reflect  .     (no gloves)
SustAt .         Harm     .     (no boots)
MR     .....                    (no amulet)
Stlth  +++.......               (no ring)
                                q - ring of poison resistance

@: lethally poisoned (-13 -> -18), regenerating slowly, not resistant to hostile
enchantments, fairly stealthy
A: fangs 3, see invisible, unbreathing
a: Bat Form


You were on level 4 of the Dungeon.
You were near bloodless.

You visited 1 branch of the dungeon, and saw 4 of its levels.

You collected 161 gold pieces.

Inventory:

Armour
 a - a +0 robe (worn)
Jewellery
 q - a ring of poison resistance (left hand)
Wands
 n - a wand of random effects (27/48)
Scrolls
 d - a scroll of fog {unknown}
 e - 2 scrolls of magic mapping {unknown}
 f - 2 scrolls of enchant weapon {unknown}
 h - 6 scrolls of identify {unknown}
 i - a scroll of enchant armour {unknown}
 j - a scroll of recharging {unknown}
 o - a scroll of remove curse {unknown}
Potions
 b - 8 potions of blood
 c - a potion of degeneration {unknown}
 g - a potion of beneficial mutation {unknown}
 k - 2 potions of cure mutation {unknown}
 l - a potion of flight {unknown}
 m - a potion of agility {unknown}
 p - 2 potions of curing {unknown}


   Skills:
 + Level 3.3 Fighting
 + Level 1.1 Armour
 * Level 5.0 Dodging
 + Level 4.4 Stealth
 * Level 5.5 Unarmed Combat


You had 4 spell levels left.
You didn't know any spells.

Dungeon Overview and Level Annotations

Branches:
Dungeon (4/15)
 Temple: D:4-7

Altars:
Ashenzari
Kikubaaqudgha
Xom
Yredelemnul

Annotations:
D:3 George's ghost, weakling DsGl


Innate Abilities, Weirdness & Mutations

You heal slowly.
You have razor-sharp teeth.
You have supernaturally acute eyesight. (SInv)
You can survive without breathing.


Message History

You are poisoned.
The worker ant poisons you!
You hit the worker ant.
The worker ant is severely wounded.
The worker ant barely misses you.
You punch the worker ant!
You kill the worker ant!
Your Dodging skill increases to level 5!
You feel sick.
You hit the ogre.
The ogre is lightly wounded.
The ogre barely misses you.
You hit the ogre but do no damage.
The ogre is lightly wounded.
You feel sick.
You hit the ogre.
The ogre is lightly wounded.
The ogre hits you with a giant spiked club!!
Ouch! That really hurt!
You die...

.... #. #. .<.. ###.##.
$.... .§§§... .....
.P§P§§§.. ......
..§§§§... ###.....
..§§.§...###...#
.§§§§##.ZO@# # .
##.§§.#.#### .# ..
#..§§...#######.# ...
#..#...........#.#....
#..................
#.....#................
...##.......>....#.#....
. ....#.........#..####
...............# .#


You could see an ogre and a giant gecko zombie.

Vanquished Creatures
  An orc priest (D:3)
  A worker ant (D:4)
  A hound zombie (D:4)
  A worker ant zombie (D:4)
  4 adders
  A gnoll (D:1)
  3 worms
  2 dart slugs
  4 giant geckos
  An orc (D:3)
  4 bat zombies (D:3)
  5 giant cockroaches
  6 goblins
  9 hobgoblins
  9 jackals
  2 quokkas
  8 bats
  A giant cockroach zombie (D:4)
  A giant gecko zombie (D:4)
  6 giant newts
  11 kobolds
  11 rats
  A rat zombie (D:3)
  A spectral orc (D:3)
  A butterfly (D:3)
95 creatures vanquished.

Notes
Turn   | Place    | Note
--------------------------------------------------------------
     0 | D:1      | epen the Vampire Monk began the quest for the Orb.
     0 | D:1      | Reached XP level 1. HP: 17/17 MP: 1/1
   251 | D:1      | Reached XP level 2. HP: 23/23 MP: 2/2
   864 | D:1      | Reached XP level 3. HP: 28/28 MP: 3/3
  1517 | D:2      | Reached skill level 5 in Unarmed Combat
  1640 | D:2      | Found a shattered altar of Ashenzari.
  1655 | D:2      | Reached XP level 4. HP: 30/35 MP: 4/4
  2301 | D:3      | Found a shimmering altar of Xom.
  2853 | D:3      | Noticed George's ghost (weakling DsGl)
  2884 | D:4      | Reached XP level 5. HP: 13/41 MP: 5/5
  3317 | D:4      | Noticed an ogre
  3326 | D:3      | Reached skill level 1 in Armour
  3648 | D:3      | Found a basalt altar of Yredelemnul.
  3987 | D:3      | Found an ancient bone altar of Kikubaaqudgha.
  4190 | D:4      | Reached skill level 5 in Dodging
  4193 | D:4      | Mangled by an ogre

Vault maps used:
D:1:      lightli_arrival_isolated_outpost, minmay_misc_feat_more_columns,
          roderic_roman_lattice
D:2:      evilmike_ruin_ashenzari, first_bread
D:3:      lemuel_zombie_altar_kikubaaqudgha,
          yredelemnul_forgotten_temple_becter, xom_butterflies,
          minmay_item_behind_shaft
D:4:      nicolae_overflow_hidden_temple, serial_undead, serial_undead_e,
          serial_undead_e, serial_undead_d, serial_undead_a, serial_undead_e,
          serial_undead_b, serial_undead_d, serial_undead_d, amalloy_card_club

Skill      XL: |  1  2  3  4  5 |
---------------+----------------+-----
Dodging        | 4 5 |  5.0
Fighting       | 3 |  3.3
Unarmed Combat | 5 |  5.5
Stealth        | 4 |  4.4
Armour         | 1 |  1.1

Action                   |  1- 3 |  4- 6 || total
-------------------------+-------+-------++-------
Melee: Unarmed           |   106 |   198 ||   304
       Bite              |     6 |    20 ||    26
       Punch             |     2 |     7 ||     9
 Abil: End Transformatio |       |     1 ||     1
       Bat Form          |       |     1 ||     1
  Use: Potion            |       |     2 ||     2
 Stab: Sleeping          |    12 |    11 ||    23
       Distracted        |       |     1 ||     1
Armor: Robe              |    19 |    14 ||    33
Dodge: Dodged            |    80 |   123 ||   203
